 Dungeon Crawl Stone Soup version 0.25-a0-558-g78a2afb0af (webtiles) character file.

Game seed: 11964153747892266368, levelgen mode: classic

84 EnegeticOcto the Shield-Bearer (level 4, 6/42 HPs)
             Began as a Deep Dwarf Fighter on Feb 24, 2020.
             Quit the game on level 7 of the Dungeon.
             The game lasted 00:00:23 (401 turns).

EnegeticOcto the Shield-Bearer (Deep Dwarf Fighter)  Turns: 401, Time: 00:00:24

Health: 6/42       AC:  6    Str: 21    XL:     4   Next: 23%
Magic:  2/2        EV:  8    Int:  8    God:
Gold:   0          SH:  9    Dex: 12    Spells: 3/3 levels left

rFire    . . .     SeeInvis .   a - +0 war axe
rCold    . . .     Gourm    .   c - +0 kite shield
rNeg     . . .     Faith    .   b - +0 scale mail
rPois    .         Spirit   .   (no helmet)
rElec    .         Reflect  .   (no cloak)
rCorr    .         Harm     .   (no gloves)
MR       .....                  (no boots)
Stlth    ..........             (no amulet)
HPRegen  0.00/turn              (no ring)
MPRegen  0.08/turn              (no ring)

@: non-regenerating
A: damage resistance, heal wounds, sense surroundings 1, no regeneration
a: Heal Wounds


You were on level 7 of the Dungeon.
You were not hungry.

You visited 1 branch of the dungeon, and saw 5 of its levels.

Inventory:

Hand Weapons
 a - a +0 war axe (weapon)
Armour
 b - a +0 scale mail (worn)
 c - a +0 kite shield (worn)
Scrolls
 f - 2 scrolls of identify {unknown}
 g - a scroll of random uselessness {unknown}
Potions
 k - a potion of might {@q3}
Comestibles
 d - 3 chunks of flesh
 e - 4 rations


   Skills:
 * Level 3.4 Fighting
 * Level 3.2 Axes
 + Level 3.6 Armour
 + Level 1.3 Dodging
 + Level 3.6 Shields


You had 3 spell levels left.
You didn't know any spells.
Your spell library was empty.

Dungeon Overview and Level Annotations

Branches:
Dungeon (4/15)
 Temple: D:4-7

Altars:
Dithmenos


Innate Abilities, Weirdness & Mutations

You are resistant to damage.
You can heal yourself by infusing magical energy.
You passively map a small area around you.
You do not regenerate.


Message History

A gnoll comes into view. It is wielding a +0 halberd.
You fail to use your ability.
The gnoll moves out of view.
The gnoll hits you but does no damage.
You closely miss the gnoll. You hit the gnoll. You block the gnoll's attack. x2
The gnoll barely misses you. x2
You hit the gnoll.
The gnoll is heavily wounded.
You slash the gnoll! The gnoll barely misses you. The gnoll closely misses you.
You block the gnoll's attack.
You hit the gnoll.
The gnoll is severely wounded.
Your shield and scale mail prevent you from hitting the gnoll.
The gnoll hits you with a +0 club. The gnoll hits you with a +0 flail.
You block the gnoll's attack.
You are too injured to fight recklessly!
You are too injured to fight recklessly!
You are too injured to fight recklessly!
You are too injured to fight recklessly!
You are too injured to fight recklessly!
You are too injured to fight recklessly!
You are too injured to fight recklessly!
You are too injured to fight recklessly!
You are too injured to fight recklessly!
You feel much better. You block the gnoll's attack.
The gnoll hits you with a +0 flail. The gnoll barely misses you.
Your magical essence is drained by the effort!
You feel much better. You block the gnoll's attack.
The gnoll hits you but does no damage. The gnoll barely misses you.
You closely miss the gnoll.
The gnoll is severely wounded.
You slash the gnoll!
You kill the gnoll!
You block the gnoll's attack. The gnoll barely misses you.
The gnoll hits you but does no damage.
You slash the gnoll!
You kill the gnoll!
You have reached level 4!
You feel stronger. The gnoll barely misses you. The gnoll barely misses you.
You see here a +0 flail.
Your shield and scale mail prevent you from hitting the gnoll.
You block the gnoll's attack.
You barely miss the gnoll. You block the gnoll's attack.
You hit the gnoll but do no damage. The gnoll barely misses you.
You barely miss the gnoll.
The gnoll hits you with a +0 halberd! x2
Your shield prevents you from hitting the gnoll.
The gnoll hits you with a +0 halberd!
You hit the gnoll.
The gnoll is moderately wounded.
The gnoll hits you with a +0 halberd.
You slash the gnoll!
You kill the gnoll!
No target in view!
No target in view!
No target in view!
No target in view!
No target in view!
No target in view!
You see here a +0 flail.
A centaur zombie comes into view.
Found a ration.
A centaur zombie is nearby!
Your magical essence is drained by the effort!
You feel much better.
A centaur zombie is nearby!
A centaur zombie is nearby!
An electric eel comes into view.
The electric eel shoots out a bolt of lightning at you!
The bolt of electricity hits you! The centaur zombie hits you.
You hit the centaur zombie.
The centaur zombie is lightly damaged.
The electric eel shoots out a bolt of lightning at you!
The bolt of electricity hits you! The centaur zombie hits you.
The electric eel shoots out a bolt of lightning at you!
The bolt of electricity hits you. The centaur zombie closely misses you.
You hit the centaur zombie.
The centaur zombie is moderately damaged.
The centaur zombie hits you but does no damage.
The electric eel shoots out a bolt of lightning at you!
The bolt of electricity hits you!
You are too injured to fight recklessly!
You are too injured to fight recklessly!
You are too injured to fight recklessly!
You are too injured to fight recklessly!
You are too injured to fight recklessly!
You are too injured to fight recklessly!
You are too injured to fight recklessly!
You are too injured to fight recklessly!
You hit the centaur zombie.
The centaur zombie is heavily damaged.
You block the centaur zombie's attack. The centaur zombie hits you.
You slash the centaur zombie!
The centaur zombie is severely damaged.
You block the centaur zombie's attack.
The electric eel shoots out a bolt of lightning at you!
The bolt of electricity hits you!
* * * LOW HITPOINT WARNING * * *
The centaur zombie misses you.
Are you sure you want to abandon this character and quit the game? (Confirm with "yes".)

#....;P ≈≈≈≈≈≈≈
#.....P≈≈≈≈≈≈≈≈ ,
#......♣≈≈≈≈≈♣ ,
#.%.....≈≈≈≈≈ ♣♣
#........≈≈♣♣♣.##
*
#.........≈♣♣...#
,
#.....Z.........#
#......@........#
*
#...............#
**,
#...............#
, *
##..............##
*
###.............##
,
...........###..##
, #############
##..### ,* ##...##
, #....##


You could see an electric eel and a centaur zombie.

Vanquished Creatures
  A hound (D:4)
  3 gnolls (D:7)
  An adder (D:2)
  An adder skeleton (D:4)
  A leopard gecko (D:2)
  A ball python (D:3)
  2 bats (D:2)
  A giant cockroach (D:3)
  A goblin (D:3)
  2 frilled lizards
  2 rats
16 creatures vanquished.

Notes
Turn   | Place    | Note
-------+----------+-------------------------------------------
     0 | D:1      | EnegeticOcto the Deep Dwarf Fighter began the quest for the
                  | Orb.
     0 | D:1      | Reached XP level 1. HP: 20/20 MP: 1/1
    15 | D:2      | Reached XP level 2. HP: 22/27 MP: 2/2
   318 | D:3      | Found a shadowy altar of Dithmenos.
   353 | D:4      | Reached skill level 1 in Dodging
   353 | D:4      | Reached XP level 3. HP: 17/34 MP: 3/3
   356 | D:4      | You fall into a shaft and drop 3 floors!
   367 | D:7      | Reached XP level 4. HP: 42/42 MP: 3/3
   401 | D:7      | Quit the game

Levels and vault maps discovered:
D:1:      dpeg_arrival_pits, layout_rooms, eino_curves_01, grunt_decor_cap,
          minmay_tromino_v4_a
D:2:      layout_basic, zin_angel, first_ration,
          chequers_ecumenical_altar_island, uniq_natasha
D:3:      layout_basic, serial_rivers, chequers_serial_rivers_micro_e,
          chequers_serial_rivers_micro_b, chequers_serial_rivers_micro_a,
          chequers_serial_rivers_micro_c, wad_floor_pattern_2,
          nicolae_dithmenos_shadow_blocks, uniq_terence
D:4:      layout_basic, fedhas_altar_fruit_tree,
          gammafunk_temple_overflow_arena, minmay_temple_entry_junction_2,
          serial_shops, shop, minmay_distorted, uniq_crazy_yiuf_cottage
D:7:      layout_cave_pods, serial_bayou_lagoon_b

Skill      XL: |  1  2 |
---------------+-------+-----
Fighting       | 3 |  3.4
Axes           | 3 |  3.2
Dodging        | 1 |  1.3
Armour         | |  3.6
Shields        | |  3.6

Action                   |  1- 3 |  4- 6 || total
-------------------------+-------+-------++-------
Melee: War axe           |    59 |    11 ||    70
 Abil: Heal Wounds       |     2 |     1 ||     3
Armor: Scale mail        |    43 |     1 ||    44
Dodge: Dodged            |    40 |     5 ||    45
Block: Kite shield       |    48 |     4 ||    52

Table legend:
 A = Non-vault XP
 B = Vault XP
 C = Vault XP percentage of total XP
 D = Non-vault monster count
 E = Vault monster count
 F = Vault count percentage of total count
                 A         B        C        D         E       F
            +---------+---------+-------+---------+---------+-------
      Total |     120 |       0 |   0.0 |      16 |       0 |   0.0
            +---------+---------+-------+---------+---------+-------
        D:2 |      22 |       0 |   0.0 |       6 |       0 |   0.0
        D:3 |       8 |       0 |   0.0 |       5 |       0 |   0.0
        D:4 |      47 |       0 |   0.0 |       2 |       0 |   0.0
        D:7 |      43 |       0 |   0.0 |       3 |       0 |   0.0
            +---------+---------+-------+---------+---------+-------
